 Dungeon Crawl Stone Soup version 0.31.0-11-ge490571c62 (webtiles) character file.

Game seed: 17826444735170966261

1370 qw the Nimble (level 8, -3/42 HPs)
             Began as a Spriggan Hunter on Feb 3, 2024.
             Incinerated by a bombardier beetle (4 damage)
             ... with a burning spray
             ... on level 6 of the Dungeon.
             The game lasted 00:01:32 (4684 turns).

qw the Nimble (Spriggan Hunter)                     Turns: 4684, Time: 00:01:34

Health: -3/42      AC:  2    Str:  7    XL:     8   Next: 38%
Magic:  9/9        EV: 27    Int: 11    God:
Gold:   154        SH:  0    Dex: 20    Spells: 7/7 levels left

rFire   . . .        a - +0 shortbow
rCold   . . .        (shield currently unavailable)
rNeg    . . .        c - +0 robe
rPois   .            (helmet restricted)
rElec   .            (no cloak)
rCorr   .            (gloves unavailable)
SInv    +            (boots unavailable)
Will    +....        i - amulet of faith
Stlth   +            (no ring)
HPRegen 0.27/turn    (no ring)
MPRegen 0.11/turn

%: faith
@: on fire, glowing, very quick
A: very small, no large weapons, unfitting armour, see invisible, speed 3
a: no special abilities


You were on level 6 of the Dungeon.
You visited 1 branch of the dungeon, and saw 6 of its levels.

You collected 263 gold pieces.
You spent 109 gold pieces at shops.


Innate Abilities, Weirdness & Mutations

You are very small and have problems with some larger weapons.
You are too small for most types of armour.
You have supernaturally acute eyesight. (SInv)
You cover ground extremely quickly. (Speed+++)


   Skills:
 - Level 4.0 Fighting
 + Level 11.7 Ranged Weapons
 - Level 12.4 Dodging
 - Level 1.5 Stealth


You had 7 spell levels left.
You didn't know any spells.
Your spell library was empty.

Inventory:

Hand Weapons
 a - a +0 shortbow (weapon)
Armour
 c - a +0 robe (worn)
Jewellery
 i - an amulet of faith (around neck)
 l - the ring "Uvoshruaf" {rPois Str+6 Dex+3}
   (You found it on level 6 of the Dungeon)

   [ring of strength]

   Str+6:     It affects your strength (+6).
   Dex+3:     It affects your dexterity (+3).
   rPois:     It protects you from poison
Scrolls
 j - 3 scrolls of teleportation
 m - a scroll of enchant weapon {unknown}
Potions
 b - a potion of cancellation
 d - a potion of mutation
 e - a potion of invisibility {unknown}
 f - 2 potions of resistance
 g - 2 potions of curing
 h - a potion of enlightenment
 k - a potion of might {unknown}

Dungeon Overview and Level Annotations

Branches:
Dungeon (6/15)
 Temple: D:4-7

Altars:
Cheibriados
Hepliaklqana
Sif Muna
Xom

Shops:
D:5 *[[:(

Portals:
Ossuary: D:4

Annotations:
D:4 2 transporters, qw's ghost, amateur DEHu


Message History

You shoot an arrow.
The arrow closely misses the bombardier beetle.
You shoot an arrow. The arrow hits the bombardier beetle.
The bombardier beetle is moderately wounded.
The bombardier beetle sprays incendiary fluid at you.
The burning spray hits you.
You are covered in liquid fire!
You shoot an arrow. The arrow hits the bombardier beetle.
The bombardier beetle is severely wounded.
The liquid fire burns you!
You shoot an arrow. The arrow hits the bombardier beetle.
The bombardier beetle is severely wounded.
The liquid fire burns you!
The bombardier beetle sprays incendiary fluid at you.
The burning spray misses you.
You shoot an arrow. The arrow hits the bombardier beetle.
The bombardier beetle is almost dead.
The liquid fire burns you!
You shoot an arrow. The arrow hits the bombardier beetle.
You kill the bombardier beetle!
The liquid fire burns you!
You are on fire!
The liquid fire burns you!
You are on fire!
The liquid fire burns you!
You are on fire!
The liquid fire burns you!
You are on fire!
The liquid fire burns you!
You are on fire!
The liquid fire burns you!
You are on fire!
The liquid fire burns you!
You are on fire!
The liquid fire burns you!
You are on fire!
The liquid fire burns you!
You are on fire!
The liquid fire burns you!
You die...

...#.........#.......##.#........
...#........).#..#......##.#..)#.
..#.........#.#....#.......###...
...................?....#### #...
....###.##.................###.#.
......%........................#.
.....##.....#..8..#........######
..#.###.....#.....#.........## #
.##.# ##....#...@.#..........## #
##..# #.....##'''##..###.#.#..###
##.####.....#.....#...##.#.......
...###......#.....#...##.###.####
..##...##...#.....##...#.# #.###.
..##.#......#.....###..#.# #.....
..##...##.#.#.._..# #..#.# ######
.....#....######### #....# ####
....##....##.##.######.<.#####...


There were no monsters in sight!

Vanquished Creatures
  A black bear (D:4)
  A centaur (D:6)
  A phantom (D:6)
  2 bullfrogs (D:6)
  5 scorpions
  6 bombardier beetles
  A hound (D:5)
  A jelly (D:5)
  An iguana (D:4)
  A sleepcap (D:5)
  2 orc wizards
  6 adders
  2 ufetubi (D:6)
  3 ribbon worms
  A dart slug (D:4)
  10 orcs
  8 endoplasms
  5 giant cockroaches
  7 goblins
  4 hobgoblins
  9 jackals
  5 kobolds
  6 quokkas
  4 ball pythons
  4 bats
  4 frilled lizards
  8 rats
108 creatures vanquished.

Notes
Turn   | Place    | Note
-------+----------+-------------------------------------------
     0 | D:1      | qw the Spriggan Hunter began the quest for the Orb.
     0 | D:1      | Reached XP level 1. HP: 10/10 MP: 2/2
     0 | D:1      | 0 ||| qw: Version: 0.3-a-155-g5e7d8dd
     0 | D:1      | 0 ||| qw: Game counter: 3148
     0 | D:1      | 0 ||| qw: Melee chars always use a shield: true
     0 | D:1      | 0 ||| qw: God list: Okawaru
     0 | D:1      | 0 ||| qw: Allow faded altars: false
     0 | D:1      | 0 ||| qw: Do Orc after clearing Dungeon:15 true
     0 | D:1      | 0 ||| qw: Do second Lair branch before Depths: true
     0 | D:1      | 0 ||| qw: Lair rune preference: random
     0 | D:1      | 0 ||| qw: Goals: Normal
     0 | D:1      | 0 ||| PLANNING D:1-11
    37 | D:1      | Reached skill level 3 in Dodging
   111 | D:1      | Reached XP level 2. HP: 14/14 MP: 3/3
   150 | D:1      | Reached skill level 4 in Dodging
   164 | D:1      | 164 ||| READING scroll labelled KOASSA CIRHYIX.
   164 | D:1      | 164 ||| IDENTIFYING glowing red potion
   165 | D:1      | 165 ||| DROPPING scroll of butterflies.
   838 | D:1      | 838 ||| READING scroll of identify.
   838 | D:1      | 838 ||| IDENTIFYING bubbling grey potion
   839 | D:1      | 839 ||| DRINKING 2 lumpy green potions.
   840 | D:1      | 840 ||| DROPPING potion of brilliance.
   939 | D:2      | Reached XP level 3. HP: 18/18 MP: 4/4
  1233 | D:2      | HP: 4/18 [ribbon worm (7)]
  1250 | D:2      | 1250 ||| FLEEEEING.
  1532 | D:2      | 1532 ||| READING 2 scrolls of identify.
  1532 | D:2      | 1532 ||| IDENTIFYING orange potion
  1533 | D:2      | 1533 ||| READING scroll of identify.
  1533 | D:2      | 1533 ||| IDENTIFYING inky potion
  1534 | D:2      | 1534 ||| READING scroll labelled LOURAI XO JUAM.
  1535 | D:2      | 1535 ||| READING scroll labelled FAEPOU GOUFAQO.
  1536 | D:2      | 1536 ||| DRINKING 2 fuming black potions.
  1536 | D:2      | Reached XP level 4. HP: 22/22 MP: 5/5
  1537 | D:2      | 1537 ||| DRINKING potion of experience.
  1537 | D:2      | Reached skill level 12 in Dodging
  1537 | D:2      | Reached XP level 5. HP: 25/25 MP: 6/6
  2321 | D:3      | 2321 ||| UPGRADING to amulet of faith.
  2326 | D:3      | 2326 ||| READING scroll of identify.
  2326 | D:3      | 2326 ||| IDENTIFYING fizzy brown potion
  2327 | D:3      | 2327 ||| READING scroll labelled RACVOCUPTO.
  2329 | D:3      | 2329 ||| Stepping ~*~*~tactically~*~*~ (cloud).
  2423 | D:4      | Noticed a black bear
  2424 | D:4      | 2424 ||| PLANNING OSSUARY
  2430 | D:4      | Killed a black bear
  2431 | D:4      | Reached XP level 6. HP: 22/30 MP: 7/7
  2434 | D:4      | 2434 ||| STAIRDANCE
  2528 | D:4      | Found a transporter.
  2531 | D:4      | Found a transporter.
  2531 | D:4      | Noticed qw's ghost (amateur DEHu)
  2701 | D:4      | Reached XP level 7. HP: 15/35 MP: 8/8
  2707 | D:4      | HP: 8/35 [poisoned by a scorpion]
  3040 | D:4      | Found a sand-covered staircase.
  3246 | D:4      | Reached skill level 3 in Fighting
  3354 | D:4      | 3354 ||| RIP OSSUARY
  3354 | D:4      | 3354 ||| PLANNING D:1-11
  3421 | D:4      | 3421 ||| READING 2 scrolls labelled CEKHIM QUPIMNI.
  3422 | D:4      | 3422 ||| READING scroll labelled LIUWAE WAAQEVU.
  3423 | D:4      | 3423 ||| DROPPING scroll of immolation.
  3456 | D:5      | Entered Level 5 of the Dungeon
  3456 | D:5      | Found Mefurgha's Assorted Antiques.
  3464 | D:5      | Found Xocac's Antique Armour Shop.
  3469 | D:5      | Found Kyakhle's Armour Shoppe.
  3471 | D:5      | 3471 ||| BUYING glowing ruby potion (25 gold).
  3471 | D:5      | Bought a glowing ruby potion for 25 gold pieces
  3471 | D:5      | 3471 ||| SHOPLISTING potion of cancellation (224 gold, have
                  | 179).
  3471 | D:5      | 3471 ||| BUYING scroll labelled SUICAM ALUM (28 gold).
  3471 | D:5      | Bought a scroll labelled SUICAM ALUM for 28 gold pieces
  3471 | D:5      | 3471 ||| BUYING scroll labelled VOPRIC NUCK (28 gold).
  3471 | D:5      | Bought a scroll labelled VOPRIC NUCK for 28 gold pieces
  3471 | D:5      | 3471 ||| BUYING scroll labelled ZAILOUJOUT (28 gold).
  3471 | D:5      | Bought a scroll labelled ZAILOUJOUT for 28 gold pieces
  3479 | D:5      | Found Syatec's Book Boutique.
  3482 | D:5      | Found Coeb Ire's Weapon Emporium.
  3484 | D:5      | 3484 ||| SHOPLISTING +2 troll leather armour (270 gold,
                  | have 95).
  3566 | D:5      | Identified the +2 helmet of Fun {rElec}
  3689 | D:5      | Found a shimmering altar of Xom.
  4099 | D:5      | Found a shimmering blue altar of Sif Muna.
  4170 | D:5      | 4170 ||| READING 2 scrolls of identify.
  4170 | D:5      | 4170 ||| IDENTIFYING glowing ruby potion
  4171 | D:5      | 4171 ||| READING scroll of identify.
  4171 | D:5      | 4171 ||| IDENTIFYING scroll labelled VOPRIC NUCK
  4172 | D:5      | 4172 ||| READING 2 scrolls labelled SUICAM ALUM.
  4176 | D:5      | 4176 ||| READING scroll labelled ZAILOUJOUT.
  4176 | D:5      | 4176 ||| ENCHANTING +0 shortbow.
  4177 | D:5      | 4177 ||| DROPPING potion of berserk rage.
  4178 | D:5      | 4178 ||| DROPPING scroll of vulnerability.
  4194 | D:6      | 4194 ||| STAIRDANCE
  4217 | D:6      | 4217 ||| STAIRDANCE
  4279 | D:6      | Reached XP level 8. HP: 35/42 MP: 9/9
  4505 | D:6      | Identified the ring "Uvoshruaf" {rPois Str+6 Dex+3}
  4652 | D:6      | Found a hazy altar of Hepliaklqana.
  4666 | D:6      | Found a snail-covered altar of Cheibriados.
  4681 | D:6      | HP: 10/42 [burnt (3)]
  4683 | D:6      | HP: 1/42 [burnt (6)]
  4684 | D:6      | Incinerated by a bombardier beetle

Levels and vault maps discovered:
D:1:      spicycebolla_arrival_xxxplode, layout_loops_ring, nicolae_the_louvre
D:2:      layout_loops_ring
D:3:      layout_loops_corners, nicolae_kite_square_tiling_tiny,
          serial_park_tiny_pond
D:4:      layout_loops_ring, gammafunk_ghost_mausoleum,
          nicolae_ossuary_entry_false_entrances,
          serial_library_hellmonk_big_corner, kennysheep_nondescript
D:5:      layout_basic, kennysheep_mini, xom_butterflies, minmay_crystal_room,
          nicolae_shop_national_dungeon_mall
D:6:      layout_rooms, nzn_hepliaklqana_mist_gate, slow_altar_2,
          ebering_ghost_sewer_d

Skill      XL: |  1  2  3  4  5  6  7  8 |
---------------+-------------------------+-----
Dodging        | 3 4 12 | 12.4
Ranged Weapons | 11 | 11.7
Fighting       | 2 3 4 |  4.0
Stealth        | |  1.5

Action                     |  1- 3 |  4- 6 |  7- 9 || total
---------------------------+-------+-------+-------++-------
   Fire: Shortbow          |   131 |    86 |   191 ||   408
    Use: Scroll            |     6 |     2 |     6 ||    14
         Potion            |     2 |     1 |       ||     3
 Armour: Robe              |    17 |     5 |    14 ||    36
  Dodge: Dodged            |    35 |    17 |   100 ||   152

Table legend:
 A = Non-vault XP
 B = Vault XP
 C = Vault XP percentage of total XP
 D = Non-vault monster count
 E = Vault monster count
 F = Vault count percentage of total count
                 A         B        C        D         E       F
            +---------+---------+-------+---------+---------+-------
      Total |    1669 |      42 |   2.5 |     107 |       1 |   0.9
            +---------+---------+-------+---------+---------+-------
        D:1 |      40 |       0 |   0.0 |      23 |       0 |   0.0
        D:2 |      42 |       0 |   0.0 |      23 |       0 |   0.0
        D:3 |      41 |       0 |   0.0 |      12 |       0 |   0.0
        D:4 |     579 |       0 |   0.0 |      25 |       0 |   0.0
        D:5 |     408 |       0 |   0.0 |      10 |       0 |   0.0
        D:6 |     559 |      42 |   7.0 |      14 |       1 |   6.7
            +---------+---------+-------+---------+---------+-------
